 Dungeon Crawl Stone Soup version 0.27-a0-906-g0a00ce863d (webtiles) character file.

Game seed: 3797109783542684642

42 spiderkeys the Bolt Thrower (level 3, -3/22 HPs)
             Began as a Kobold Hunter on Apr 6, 2021.
             Splashed by a jelly's acid (9 damage)
             ... on level 2 of the Dungeon.
             The game lasted 00:02:03 (2138 turns).

spiderkeys the Bolt Thrower (Kobold Hunter)         Turns: 2138, Time: 00:02:03

Health: -3/22      AC:  3    Str:  9    XL:     3   Next: 80%
Magic:  3/3        EV: 14    Int: 12    God:
Gold:   75         SH:  0    Dex: 16    Spells: 2/2 levels left

rFire    . . .     SeeInvis .   a - +1 hand crossbow
rCold    . . .     Faith    .   (shield restricted)
rNeg     . . .     Spirit   .   c - +0 leather armour
rPois    .         Reflect  .   (no helmet)
rElec    .         Harm     .   (no cloak)
rCorr    .         Rampage  .   (no gloves)
Will     .....                  (no boots)
Stlth    +++.......             (no amulet)
HPRegen  0.07/turn              (no ring)
MPRegen  0.08/turn              (no ring)

@: no status effects
A: small, no large weapons, nightstalker 3
a: no special abilities


You were on level 2 of the Dungeon.
You visited 1 branch of the dungeon, and saw 2 of its levels.

You collected 75 gold pieces.

Inventory:

Hand Weapons
 a - a +1 hand crossbow (weapon)
 b - a +0 short sword
Missiles
 d - 16 bolts (quivered ammo)
 e - 7 poisoned darts
Armour
 c - a +0 leather armour (worn)
Potions
 f - a potion of flight {unknown}
 i - a potion of curing


   Skills:
 + Level 2.5 Fighting
 * Level 2.0 Short Blades
 - Level 5.0 Crossbows
 + Level 2.8 Dodging
 * Level 3.1 Stealth


You had 2 spell levels left.
You didn't know any spells.
Your spell library contained the following spells:

 Spells                   Type           Power      Damage    Failure   Level
 Confusing Touch          Hex            0%         N/A       80%         3
 Gell's Gravitas          Tloc           0%         N/A       80%         3
 Petrify                  Tmut/Erth      0%         N/A       99%         4
 Metabolic Englaciation   Hex/Ice        0%         N/A       100%        5
 Yara's Violent Unravell  Hex/Tmut       0%         3d3       100%        5


Dungeon Overview and Level Annotations

Branches:
Dungeon (2/15)

Altars:
Okawaru


Innate Abilities, Weirdness & Mutations

You are small and have problems with some larger weapons.
You are completely attuned to the shadows.


Message History

A dart slug comes into view.
The bat completely misses you.
Found a leather armour.
You closely miss the bat. The bat completely misses you.
You hit the bat.
The bat is moderately wounded.
The bat closely misses you.
You hit the bat.
You kill the bat!
A bat, a ball python and a jelly come into view.
Found a chain mail.
A jackal and a hobgoblin come into view.
The bat misses you.
Found a potion of curing.
You hit the bat.
You kill the bat!
The jelly misses you.
You barely miss the jelly. The jelly completely misses you.
You hit the jelly.
Your hands burn!
The jelly is lightly wounded.
The dart slug barely misses you. The jelly hits you.
You are splashed with acid!
You are too injured to fight recklessly!
a - a +1 hand crossbow (weapon)
Fire: 18 bolts
Press: ? - help, Q - select action, (/) - cycle Shift-Dir - straight line, f - jelly
Aim: a jelly (lightly wounded, 91% to hit)
You shoot a bolt. The bolt hits the dart slug.
The dart slug is moderately wounded.
The dart slug launches a dart at you. The slug dart hits you.
Fire: 17 bolts
Press: ? - help, Q - select action, (/) - cycle Shift-Dir - straight line, f/p - jelly
Aim: a jelly (lightly wounded, 91% to hit)
You shoot a bolt. The bolt hits the dart slug!
You kill the dart slug!
The jelly hits you.
* * * LOW HITPOINT WARNING * * *
You are splashed with acid!
You die...

###############
#####.............#
......###########.#####
####### ...........
####†...#. #...†#
######@...# #!..†J...##
#.S[.#.[.# #g...#...#
#..[##..## ### #.## .h#
... .. ... ...


You could see a jelly and a ball python (asleep).

Vanquished Creatures
  3 dart slugs
  2 ball pythons (D:1)
  3 endoplasms (D:1)
  A giant cockroach (D:1)
  A goblin (D:1)
  2 hobgoblins (D:2)
  3 jackals (D:1)
  5 kobolds (D:1)
  2 quokkas (D:1)
  6 bats
  3 frilled lizards (D:1)
  3 rats
34 creatures vanquished.

Notes
Turn   | Place    | Note
-------+----------+-------------------------------------------
     0 | D:1      | spiderkeys the Kobold Hunter began the quest for the Orb.
     0 | D:1      | Reached XP level 1. HP: 12/12 MP: 1/1
   264 | D:1      | Reached skill level 1 in Short Blades
   264 | D:1      | Reached XP level 2. HP: 17/17 MP: 2/2
   837 | D:1      | Reached XP level 3. HP: 15/22 MP: 3/3
  1733 | D:1      | Reached skill level 5 in Crossbows
  2071 | D:2      | Found an iron altar of Okawaru.
  2138 | D:2      | Splashed by a jelly's acid

Illustrated notes

Levels and vault maps discovered:
D:1:      dpeg_arrival_water_temple_mockup, layout_basic, minmay_tromino_i4
D:2:      minmay_recursive_quarters, layout_rooms, basic_altar,
          small_statue_intersection, moated_statue, uniq_terence

Skill      XL: |  1  2  3 |
---------------+----------+-----
Short Blades   | 1 2 |  2.0
Stealth        | 2 3 |  3.1
Crossbows      | 5 |  5.0
Fighting       | |  2.5
Dodging        | |  2.8

Action                   || total
-------------------------++-------
Melee: Short sword       ||   102
 Fire: Hand crossbow     ||    14
  Use: Scroll            ||     4
 Stab: Sleeping          ||     7
Armor: Leather armour    ||    38
Dodge: Dodged            ||   114

Table legend: (Time is in decaauts)
 A = Elapsed time spent in this place.
 B = Non-inter-level travel time spent in this place.
 C = Inter-level travel time spent in this place.
 D = Time resting spent in this place.
 E = Time spent auto-exploring this place.
 F = Levels seen in this place.
 G = Mean time per level.
                   A        B        C        D        E       F      G
               +--------+--------+--------+--------+--------+-----+--------+
         Total |   2140 |   2112 |     28 |    226 |   1654 |   2 | 1070.0 |
       Dungeon |   2140 |   2112 |     28 |    226 |   1654 |   2 | 1070.0 |
               +--------+--------+--------+--------+--------+-----+--------+

Top non-repeatable levels by time:
     D:1: 2060 daAuts
     D:2: 79 daAuts
